 Dungeon Crawl Stone Soup version v3.01-hellcrawl-74-g7a863a7 (webtiles) character file.

60 Implojin the Chopper (level 5, -7/45 HPs)
             Began as a Hill Orc Fighter on Apr 11, 2017.
             Mangled by Sigmund
             ... wielding a +2 scythe of flaming
              (14 damage)
             ... on level 4 of the Dungeon.
             The game lasted 00:04:51 (2617 turns).

Implojin the Chopper (Hill Orc Fighter)             Turns: 2617, Time: 00:04:51

Health: -7/45      AC:  9 (28%)Str: 19  XL:     5   Next: 22%
Magic:  5/5        EV:  7    Int:  8    God:
Gold:   348        SH:  0    Dex: 11    Spells: 4/4 levels left

rFire    . . .     SeeInvis .   a - +0 war axe
rCold    . . .     Faith    .   c - +0 shield
rNeg     . . .     Spirit   .   b - +0 scale mail
rPois    .         Reflect  .   t - +0 helmet
rElec    .                      q - +0 cloak
rCorr    .                      (no gloves)
MR       .....                  (no boots)
Stlth    ..........             (no amulet)
Regen    0.2/turn               (no ring)
MPRegen  0.2/turn               (no ring)

@: confused
A: no striking features
a: no special abilities


You were on level 4 of the Dungeon.
You were not hungry.

You visited 1 branch of the dungeon, and saw 4 of its levels.

You collected 348 gold pieces.

Inventory:

Hand Weapons
 a - a +0 war axe (weapon)
 m - a +0 hunting sling
Missiles
 f - 269 bolts
 g - 1028 stones (quivered)
 j - 146 arrows
 o - 164 sling bullets
Armour
 b - a +0 scale mail (worn)
 c - a +0 shield (worn)
 q - a +0 cloak (worn)
 t - a +0 helmet (worn)
Scrolls
 e - 2 scrolls of fog
 i - 2 scrolls of blinking
 k - a scroll of immolation
 n - a scroll of enchant weapon
 s - a scroll of fear
Potions
 l - 2 potions of mutation
 r - a potion of cancellation


   Skills:
 - Level 3.6 Fighting
 * Level 6.9 Axes
 - Level 3.2 Armour
 - Level 3.2 Shields


You had 4 spell levels left.
You didn't know any spells.

Dungeon Overview and Level Annotations

Branches:
Dungeon (4/15)

Altars:
Cheibriados
Dithmenos
Kikubaaqudgha
Nemelex Xobeh
Qazlal
Ru

Annotations:
D:4 Grinder, Sigmund


Message History

The gnoll is severely wounded.
Your shield and scale mail prevent you from hitting the slave.
The slave hits you but does no damage. You block the gnoll's attack.
Unknown command.
Your shield and scale mail prevent you from hitting the gnoll.
The gnoll is severely wounded.
You slash the slave (9)! You block the slave's attack.
The gnoll hits you but does no damage.
Unknown command.
You closely miss the gnoll.
The gnoll is severely wounded.
You closely miss the slave. The slave closely misses you.
The gnoll hits you but does no damage.
Grinder blinks!
The slave hits you (5).
* * * LOW HITPOINT WARNING * * *
You block the gnoll's attack.
Unknown command.
Blink to where?
Press: ? - help, Dir - move target cursor You are very lightly contaminated with residual magic.
As you read the scroll of blinking, it crumbles to dust.
Found a stone staircase leading down.
You slash the quokka skeleton (17)!
You destroy the quokka skeleton!
Unknown command.
You slash the slave (10)!
The slave is severely wounded.
The slave barely misses you.
Unknown command.
You hit the slave but do no damage.
The slave is severely wounded.
You block the slave's attack. You block the gnoll's attack.
Unknown command.
You hit the slave (3).
The slave is almost dead.
The slave hits you (7)!
* * * LOW HITPOINT WARNING * * *
The gnoll hits you but does no damage.
Unknown command.
Okay, then.
Grinder blinks!
You feel better. The slave barely misses you.
The gnoll hits you from afar with a +0 spear (3).
* * * LOW HITPOINT WARNING * * *
Unknown command.
As you read the scroll of fear, it crumbles to dust.
You assume a fearsome visage.
The slave looks frightened! x2
The gnoll looks frightened! x3; The scorpion looks frightened!
Unknown command.
Unknown command.
As you read the scroll of teleportation, it crumbles to dust.
You feel strangely unstable.
Unknown command.
Your surroundings suddenly seem different.
Unknown command.
Unknown command.
You feel a little less mighty now.
You hear the slow rusting of a very distant drain.
Marking area around Sigmund as unsafe for travelling.
Sigmund the Dreaded comes into view.
He is wielding a +2 scythe of flaming.
Sigmund shouts!
Sigmund points at you and mumbles some strange words.
You resist with some effort.
Your magical contamination has completely faded away.
A quokka comes into view.
Found a stone staircase leading down.
Sigmund casts a spell at you.
You are confused.
Unknown command.
Unknown command.
You bump into the rock wall.
Sigmund casts a spell.
Sigmund flickers and vanishes!
Deactivating autopickup; reactivate with Ctrl-A.
Unknown command.
Unknown command.
The quokka barely misses you.
Unknown command.
You bump into the rock wall.
The quokka barely misses you.
You barely miss the quokka. The quokka bites you (1).
* * * LOW HITPOINT WARNING * * *
The quokka barely misses you.
Unknown command.
Okay, then.
Unknown command.
You bump into the rock wall.
You feel less confused. You block the quokka's attack.
Unknown command.
Unknown command.
The quokka twitches its whiskers.
You are confused.
The quokka closely misses you.
Unknown command.
The quokka closely misses you.
You're too confused to move!
The quokka bites you (3).
* * * LOW HITPOINT WARNING * * *
Unknown command.
The quokka bites you but does no damage.
Something hits you (14)!
You die...

...# #.......# ...#
#.......#### ...####
.......# ##.......#..
....... .......
...........###.......
......
...........#>..........
.....
..............##........
....# ...
#.......###.........
....##.#
#.....@.##...#######
.......# #......r#..#.#
......# #######...#..#
......# ####.###.....
......########....#
......
...............####
....... ........#...####
### ####..
.....#.####..####..# ..
.......#####...#..8


You could see a quokka.

Vanquished Creatures
  A slave (D:4)
  Jessica (D:3)
  Robin (D:3)
  2 adders (D:3)
  A dart slug (D:1)
  An orc (D:3)
  5 quokkas
  14 bats
  6 giant cockroaches
  19 goblins
  6 hobgoblins
  3 frilled lizards
  11 kobolds
  A quokka skeleton (D:4)
  3 rats
75 creatures vanquished.

Notes
Turn   | Place    | Note
-------+----------+-------------------------------------------
     0 | D:1      | Implojin the Hill Orc Fighter began the quest for the Orb.
     0 | D:1      | Reached XP level 1. HP: 19/19 MP: 1/1
    45 | D:1      | Reached skill level 3 in Axes
    65 | D:1      | Reached XP level 2. HP: 26/26 MP: 2/2
   326 | D:1      | Reached skill level 4 in Axes
   944 | D:2      | Reached XP level 3. HP: 31/31 MP: 3/3
  1265 | D:2      | Found a stormy altar of Qazlal.
  1390 | D:2      | Reached skill level 5 in Axes
  1761 | D:3      | Found an ancient bone altar of Kikubaaqudgha.
  1875 | D:3      | Reached XP level 4. HP: 39/39 MP: 4/4
  1884 | D:3      | Found a sparkling altar of Nemelex Xobeh.
  1886 | D:3      | Found a shadowy altar of Dithmenos.
  1888 | D:3      | Found a sacrificial altar of Ru.
  2022 | D:3      | Found a faded altar of an unknown god.
  2044 | D:3      | Found a snail-covered altar of Cheibriados.
  2055 | D:3      | Noticed Jessica
  2061 | D:3      | Killed Jessica
  2061 | D:3      | Reached skill level 6 in Axes
  2254 | D:3      | Noticed Robin
  2259 | D:3      | Reached XP level 5. HP: 43/45 MP: 5/5
  2264 | D:3      | Killed Robin
  2499 | D:4      | Noticed a slave
  2499 | D:4      | Noticed a slave
  2499 | D:4      | Noticed a slave
  2513 | D:4      | Noticed Grinder
  2548 | D:4      | Killed a slave
  2553 | D:4      | HP: 11/45 [gnoll/+0 spear (4)]
  2558 | D:4      | HP: 7/45 [slave[Pikel] (5)]
  2563 | D:4      | HP: 1/45 [slave[Pikel] (7)]
  2571 | D:4      | HP: 4/45 [gnoll/+0 spear (3)]
  2597 | D:4      | Noticed Sigmund
  2608 | D:4      | HP: 9/45 [quokka (1)]
  2616 | D:4      | HP: 7/45 [quokka (3)]
  2617 | D:4      | Mangled by Sigmund

Skill      XL: |  1  2  3  4 |
---------------+-------------+-----
Axes           | 3 4 5 6 |  6.9
Fighting       | |  3.6
Armour         | |  3.2
Shields        | |  3.2

Action                   |  1- 3 |  4- 6 || total
-------------------------+-------+-------++-------
Melee: War axe           |   123 |    85 ||   208
  Use: Scroll            |       |     3 ||     3
       Potion            |       |     2 ||     2
Armor: Scale mail        |    73 |    51 ||   124
Dodge: Dodged            |    47 |    41 ||    88
Block: Shield            |    70 |    67 ||   137

Vault maps used:
D:1:      grunt_arrival_crossed_arrows, minmay_liquid_box
D:2:      nicolae_overflow_crystal_walls
D:3:      overflow_temple_1_default, grunt_temple_overflow_open,
          cheibriados_altar_1, chequers_ecumenical_altar_island, uniq_jessica,
          uniq_robin
D:4:      led_sif_book, portal_sewer_entry_e, uniq_sigmund, uniq_pikel,
          uniq_grinder

Table legend:
 A = Turns spent in this place as a percentage of turns spent in the entire game.
 B = Non-inter-level travel turns spent in this place as a percentage of non-inter-level travel turns spent in the entire game.
 C = Inter-level travel turns spent in this place as a percentage of turns spent in this place.
 D = Turns resting spent in this place as a percentage of non-inter-level travel turns spent in this place.
 E = Turns spent auto-exploring this place as a percentage of non-inter-level travel turns spent in this place.
 F = Non-inter-level travel turns spent in this place divided by the number of levels of this place that you've seen.
                   A       B       C       D       E      F
               +-------+-------+-------+-------+-------+----------------------
         Total | 100.0 | 100.0 |   0.7 |   0.0 |  12.6 | 222.2
       Dungeon | 100.0 | 100.0 |   0.7 |   0.0 |  12.6 | 222.2
               +-------+-------+-------+-------+-------+----------------------

Table legend:
 A = Kills in this place as a percentage of kills in entire the game.
 B = Kills by you in this place as a percentage of kills by you in the entire game.
 C = Kills by friends in this place as a percentage of kills by friends in the entire game.
 D = Other kills in this place as a percentage of other kills in the entire game.
 E = Experience gained in this place as a percentage of experience gained in the entire game.
 F = Experience gained in this place divided by the number of levels of this place that you have seen.
                   A       B       C       D       E      F
               +-------+-------+-------+-------+-------+----------------------
         Total | 100.0 | 100.0 |  -nan |  -nan | 100.0 |  49.8
       Dungeon | 100.0 | 100.0 |  -nan |  -nan | 100.0 |  49.8
               +-------+-------+-------+-------+-------+----------------------
